Map: 2000 Atmospheres LE

Players

mik

  • Race: Zerg Zerg
  • League: Diamond
  • Spawn Location: 3:00

Boots - Winner!

  • Race: Zerg Zerg
  • League: Diamond
  • Spawn Location: 7:00

VOD

Have the link to the VOD?

Description

Time

  • Played on: May 30, 2022, 12:15 a.m.
  • Length: 8:15
Show
View Real Time Build Order
Export as new Build Order

mik Zerg 

Build Orders: Pool First 

Get SALT Encoding   

  12  0:08  Overlord  
  12  0:13  Drone  
  13  0:18  Drone  
  15  0:28  Drone  
  15  0:31  Drone  
  16  0:41  Drone  
  17  0:46  Spawning Pool  
  16  0:52  Drone  
  17  1:11  Hatchery  
  16  1:12  Drone  
  16  1:17  Drone, Extractor  
  17  1:27  Drone  
  18  1:35  Drone  
  19  1:42  Queen  
  21  1:48  Zergling x2  
  22  1:58  Spine Crawler  
  22  1:59  Zergling x2  
  22  2:12  Overlord  
  22  2:36  Zergling x4  
  22  2:39  Metabolic Boost  
  22  2:45  Zergling x2  
  23  3:09  Zergling x4  
  23  3:10  Zergling x4  
  27  3:13  Queen  
  28  3:24  Hatchery  
  27  3:27  Drone  
  28  3:41  Zergling x2  
  28  3:42  Overlord  
  28  4:08  Zergling x2  
  28  4:09  Zergling x2  
  29  4:25  Zergling x8  
  33  4:35  Baneling Nest  
  32  4:58  Drone x6  
  38  5:00  Lair  
  38  5:05  Queen  
  40  5:09  Drone x2  
  40  5:10  Drone x2  
  44  5:26  Overlord x2  
  44  5:45  Drone x6  
  44  5:47  Drone x3  
  53  5:50  Extractor  
  53  5:51  Extractor  
  53  5:53  Extractor  
  50  6:08  Drone x6, Hatchery  
  55  6:17  Spire  
  54  6:23  Drone x2  
  54  6:24  Drone x3  
  59  6:44  Drone  
  60  6:53  Overlord x8  
  57  7:22  Zergling x18  
  60  7:31  Mutalisk x3  
  66  7:37  Zergling x2  
  66  7:38  Zergling x2  
  68  7:47  Zergling x6  
  67  7:54  Zergling x2  
Show
View Real Time Build Order
Export as new Build Order

Boots Zerg - Winner!

Build Orders: Pool First 

Get SALT Encoding   

  12  0:18  Spawning Pool  
  11  0:23  Drone  
  11  0:26  Drone  
  13  0:36  Overlord  
  13  0:40  Drone  
  14  1:05  Zergling x2  
  14  1:06  Zergling x2  
  14  1:07  Zergling x2  
  17  1:18  Zergling x2  
  18  1:19  Hatchery  
  17  1:28  Zergling x2  
  18  1:33  Queen  
  21  1:40  Drone  
  21  1:45  Extractor  
  20  1:49  Overlord  
  20  2:00  Drone  
  21  2:11  Drone  
  22  2:23  Drone  
  20  2:40  Queen  
  20  2:43  Drone x3  
  25  2:45  Drone x2  
  25  2:46  Drone  
  28  2:53  Overlord  
  28  2:56  Spine Crawler  
  27  3:09  Metabolic Boost  
  27  3:11  Drone  
  28  3:13  Drone x2  
  28  3:14  Zergling x2  
  29  3:41  Roach Warren  
  29  3:46  Evolution Chamber  
  27  3:49  Evolution Chamber  
  27  3:50  Queen  
  27  3:52  Drone x5  
  32  4:05  Zergling x8  
  36  4:12  Overlord  
  36  4:19  Drone x4  
  40  4:27  Lair  
  40  4:29  Drone  
  41  4:31  Roach  
  41  4:35  Roach  
  45  4:41  Roach x2  
  49  4:53  Roach x2, Extractor  
  49  4:56  Overlord  
  49  4:57  Overlord  
  52  5:06  Overlord  
  52  5:14  Drone  
  53  5:18  Drone  
  53  5:19  Drone x2  
  53  5:20  Drone x3  
  59  5:21  Drone  
  59  5:26  Glial Reconstitution  
  60  5:30  Drone  
  60  5:32  Drone  
  60  5:33  Drone  
  60  5:34  Drone x2, Extractor  
  64  5:38  Overlord  
  64  5:39  Overlord  
  64  5:40  Overlord  
  64  5:53  Roach x2  
  68  6:01  Extractor  
  68  6:02  Drone x2  
  69  6:05  Queen  
  69  6:07  Drone  
  69  6:08  Drone, Hatchery  
  72  6:13  Drone  
  72  6:14  Roach x2  
  77  6:41  Overlord x2  
  77  6:42  Overlord  
  77  6:43  Roach x4  
  82  6:58  Roach x4  
  90  7:05  Overseer  
  90  7:16  Roach  
  90  7:17  Roach x4  
  94  7:32  Roach x3  
  94  7:33  Roach x2  
  104  7:50  Hatchery  
  105  7:51  Roach  
  105  7:52  Roach x3  
Tags
 
Add a new tag
Caveats
  • Supply blocks, unpowered buildings, or Contaminate may cause inaccurate times.
  • Supply counts are checked every 10 seconds.